Map: 에코 - 래더 (공허)

Players

Forte - Winner!

  • Race: Terran Terran
  • League: Master

Maru

  • Race: Terran Terran
  • League: Master

VOD

Have the link to the VOD?

Description

Time

  • Played on: Nov. 27, 2016, 5:09 a.m.
  • Length: 14:10
Show
View Real Time Build Order
Export as new Build Order

Forte Terran - Winner!

Build Orders: Reaper Expand, Mech 

Get SALT Encoding   

  12  0:00  SCV  
  13  0:12  SCV  
  14  0:18  Supply Depot  
  14  0:24  SCV  
  15  0:29  Refinery  
  15  0:39  SCV  
  16  0:45  Barracks  
  16  0:51  SCV  
  17  1:03  SCV  
  18  1:15  SCV  
  19  1:31  Orbital Command  
  19  1:32  Reaper  
  20  1:42  Command Center  
  20  1:51  Factory  
  20  1:57  SCV  
  21  2:06  Supply Depot  
  21  2:08  Barracks Reactor  
  21  2:09  SCV  
  22  2:16  Refinery  
  22  2:22  SCV  
  23  2:34  SCV  
  23  2:36  Hellion  
  26  2:42  Starport  
  26  2:43  Marine  
  26  2:44  Marine  
  27  2:46  SCV  
  29  2:53  Orbital Command  
  29  3:01  Marine  
  29  3:02  Marine  
  29  3:05  SCV  
  34  3:17  SCV  
  34  3:18  Viking  
  35  3:20  Engineering Bay, SCV  
  35  3:24  Factory Tech Lab  
  35  3:26  Marine x2  
  38  3:30  SCV  
  39  3:34  SCV  
  39  3:42  SCV  
  39  3:46  SCV  
  39  3:47  Missile Turret  
  39  3:48  Missile Turret  
  41  3:52  Factory Tech Lab  
  42  3:55  SCV  
  42  3:58  SCV  
  42  3:59  Missile Turret  
  42  4:02  Raven  
  45  4:07  SCV  
  46  4:10  Supply Depot  
  46  4:12  Supply Depot  
  46  4:20  Command Center  
  46  4:31  Refinery, SCV x2  
  46  4:32  Refinery  
  46  4:35  Siege Tank  
  51  4:41  Supply Depot  
  51  4:43  SCV x2  
  53  4:55  SCV x2  
  53  5:09  Viking  
  53  5:10  Armory x2  
  53  5:11  Viking  
  57  5:16  SCV x2  
  59  5:22  Siege Tank  
  59  5:24  Barracks Reactor  
  62  5:30  SCV x2  
  62  5:34  Orbital Command  
  62  5:45  Factory  
  62  5:46  SCV x2  
  64  5:57  Terran Vehicle Weapons Level 1, Terran Vehicle And Ship Armor Level 1  
  64  6:01  Siege Tank  
  68  6:04  SCV x2  
  68  6:05  Orbital Command  
  69  6:13  Factory  
  69  6:16  Supply Depot, SCV x2  
  69  6:17  Missile Turret  
  71  6:21  Viking  
  71  6:24  Viking  
  75  6:28  SCV x2  
  75  6:32  SCV  
  78  6:35  Refinery  
  78  6:38  Supply Depot  
  78  6:40  Refinery, Hellion x2, SCV x2  
  78  6:46  SCV  
  85  6:49  Infernal Pre-Igniter  
  85  6:52  SCV x2  
  87  6:54  Viking  
  87  6:55  Supply Depot  
  87  6:56  Viking  
  87  6:59  SCV  
  87  7:00  Supply Depot  
  92  7:04  SCV  
  92  7:05  Hellion x2  
  96  7:16  Siege Tank  
  96  7:17  Siege Tank  
  102  7:23  Supply Depot x2, SCV x3  
  105  7:34  Viking x2  
  105  7:35  SCV x3  
  107  7:46  Factory  
  107  7:48  Factory  
  107  7:52  Terran Vehicle Weapons Level 2  
  107  7:53  Terran Vehicle And Ship Armor Level 2  
  107  7:57  Hellion x2  
  111  8:01  Siege Tank  
  111  8:03  SCV x2  
  111  8:04  SCV  
  117  8:18  Command Center  
  117  8:20  Supply Depot x2  
  117  8:25  Missile Turret  
  117  8:26  Missile Turret  
  117  8:28  Medivac x2  
  117  8:29  Hellion x2, Factory Tech Lab  
  117  8:32  Factory Tech Lab  
  117  8:33  Factory Reactor  
  123  8:34  Siege Tank  
  123  8:49  Siege Tank  
  126  9:00  Siege Tank, Hellion x2  
  129  9:03  Medivac, Supply Depot x2  
  129  9:04  Medivac  
  129  9:07  Siege Tank  
  135  9:22  Siege Tank, Hellion x4  
  146  9:35  Medivac  
  146  9:36  Medivac  
  150  9:42  Siege Tank x2  
  150  9:43  Hellbat x4  
  150  9:44  Supply Depot  
  164  9:46  Supply Depot  
  164  9:48  Missile Turret  
  164  9:50  Missile Turret  
  164  9:51  Sensor Tower  
  164  10:03  Siege Tank  
  167  10:10  Hellbat x4  
  167  10:12  Liberator  
  175  10:14  Siege Tank  
  175  10:18  Terran Vehicle Weapons Level 3  
  172  10:41  Viking  
  136  10:52  Thor  
  136  10:54  Hellbat x4  
  150  11:03  Thor  
  156  11:05  Hellbat  
  158  11:11  Viking  
  158  11:13  Command Center  
  158  11:15  Hellbat x4  
  158  11:16  Viking  
  170  11:23  Terran Vehicle And Ship Armor Level 3  
  170  11:37  Hellbat  
  170  11:38  Hellbat x3  
  176  11:47  Medivac x2  
  174  12:05  Hellbat x4  
  174  12:06  Siege Tank x3  
  191  12:13  Planetary Fortress  
  189  12:27  Hellbat x4  
  197  12:42  Siege Tank  
  200  12:47  Refinery  
  200  12:48  Refinery  
  195  13:12  Siege Tank, Hellbat x4  
  184  13:13  Hellbat  
  184  13:14  Siege Tank  
  184  13:15  Viking  
  157  13:20  Viking  
  143  13:34  Siege Tank  
  138  13:38  Hellbat  
  138  13:39  Hellbat x3  
Show
View Real Time Build Order
Export as new Build Order

Maru Terran 

Build Orders: 1/1/1, Bio Tank 

Get SALT Encoding   

  12  0:00  SCV  
  13  0:13  SCV  
  14  0:17  Supply Depot  
  14  0:25  SCV  
  14  0:27  Refinery  
  15  0:39  SCV  
  16  0:44  Barracks  
  16  0:51  SCV  
  17  1:03  SCV  
  18  1:15  SCV  
  19  1:30  Orbital Command  
  19  1:31  Marine  
  20  1:34  Factory  
  20  1:39  Supply Depot  
  20  1:43  Refinery  
  20  1:48  Marine  
  21  1:56  SCV  
  22  2:06  Marine  
  23  2:13  SCV  
  24  2:18  Starport, Factory Tech Lab  
  24  2:24  Marine  
  24  2:25  SCV  
  24  2:28  Supply Depot  
  26  2:39  SCV  
  27  3:00  Banshee  
  27  3:01  Hellion  
  27  3:03  SCV  
  33  3:05  Supply Depot  
  33  3:11  Barracks Reactor  
  33  3:23  Command Center  
  33  3:25  SCV  
  34  3:34  Factory Tech Lab  
  34  3:39  SCV  
  35  3:43  Banshee  
  38  3:49  Marine x2  
  38  3:51  SCV  
  39  3:56  Siege Tank  
  42  4:03  SCV  
  43  4:15  SCV  
  43  4:16  Command Center  
  44  4:23  Marine x2  
  46  4:33  SCV  
  46  4:34  Raven  
  49  4:40  Orbital Command  
  49  4:46  Siege Tank  
  49  4:50  Supply Depot  
  49  4:51  SCV  
  53  4:56  Barracks Tech Lab  
  50  5:03  SCV  
  51  5:08  SCV  
  51  5:11  Refinery x2  
  52  5:16  SCV, Marine  
  52  5:17  Stimpack  
  52  5:18  Siege Tank  
  52  5:20  SCV  
  58  5:28  SCV  
  59  5:31  Orbital Command  
  59  5:35  SCV  
  60  5:37  Viking  
  60  5:40  Viking, SCV  
  65  5:47  SCV  
  66  5:52  SCV  
  66  5:56  Engineering Bay  
  67  5:57  Engineering Bay  
  67  5:58  SCV  
  67  5:59  SCV  
  67  6:03  Siege Tank  
  72  6:04  SCV  
  72  6:05  Orbital Command  
  73  6:11  Viking  
  73  6:13  Viking  
  73  6:16  SCV x2  
  79  6:19  Supply Depot  
  79  6:28  SCV  
  79  6:32  Marine  
  81  6:36  Terran Infantry Weapons Level 1, Terran Infantry Armor Level 1  
  81  6:37  Barracks, SCV  
  81  6:38  SCV  
  81  6:39  Barracks  
  83  6:43  Viking  
  83  6:44  Viking  
  87  6:50  SCV  
  87  6:51  SCV x2  
  87  6:52  Supply Depot  
  90  6:58  Supply Depot  
  90  7:00  Supply Depot  
  90  7:03  SCV x3  
  93  7:12  Barracks  
  93  7:13  Barracks  
  93  7:15  SCV x2  
  95  7:17  Viking  
  95  7:19  Viking  
  97  7:24  Siege Tank  
  97  7:25  SCV  
  101  7:34  SCV  
  101  7:35  Refinery  
  102  7:37  Barracks Reactor, Supply Depot  
  102  7:38  Refinery  
  102  7:39  Armory  
  102  7:40  SCV x2  
  104  7:46  SCV  
  104  7:47  Medivac  
  104  7:49  Medivac  
  109  7:52  SCV  
  109  7:56  Combat Shields  
  109  7:57  Marauder x2  
  114  7:59  SCV  
  114  8:00  SCV  
  116  8:07  Barracks Reactor, Supply Depot x2, Barracks Tech Lab  
  116  8:10  Siege Tank  
  119  8:17  Viking, SCV x3  
  124  8:23  Supply Depot  
  124  8:24  Marine  
  125  8:28  Viking, Marine  
  125  8:29  Marauder x2  
  132  8:40  Marauder  
  135  8:41  SCV  
  135  8:42  Marine  
  135  8:44  SCV  
  135  8:46  Marine  
  134  8:49  SCV  
  134  8:50  Marauder x2  
  134  8:53  Medivac, Marine x2, SCV  
  141  8:56  SCV  
  141  8:58  Medivac  
  141  9:01  Marauder  
  144  9:05  SCV  
  144  9:06  Terran Infantry Armor Level 2, Terran Infantry Weapons Level 2  
  144  9:11  Marauder  
  144  9:12  Marine x2  
  144  9:14  Supply Depot x2, Concussive Shells  
  144  9:15  Supply Depot  
  148  9:36  Viking x2, Marauder x3  
  158  9:38  Supply Depot  
  158  9:39  Siege Tank  
  158  9:44  Supply Depot  
  158  9:45  Marine  
  161  9:49  Marine x2  
  164  9:55  Command Center  
  164  9:58  Marauder  
  164  9:59  Marauder x2  
  170  10:10  Viking x2  
  170  10:11  Siege Tank, Marine  
  178  10:16  SCV  
  178  10:19  Marauder, Missile Turret  
  178  10:20  Marauder  
  176  10:21  SCV, Missile Turret  
  176  10:22  SCV  
  176  10:27  Marauder, Marine  
  177  10:41  Marauder x2, Marine x2  
  158  10:46  SCV  
  158  10:48  Marauder  
  154  10:53  SCV x2  
  154  10:54  Marine  
  157  11:05  SCV  
  157  11:07  Siege Tank  
  157  11:09  Terran Vehicle Weapons Level 1  
  161  11:12  SCV x2  
  161  11:13  Planetary Fortress  
  161  11:14  Factory  
  163  11:19  Marauder, Marine  
  163  11:24  Missile Turret  
  163  11:25  Marine  
  167  11:28  Marine x2  
  167  11:32  Marine x2  
  168  11:39  Marine  
  167  11:40  Marauder  
  167  11:43  Marine  
  166  11:59  SCV x2  
  168  12:02  Marauder x2, Marine  
  168  12:07  SCV  
  174  12:11  SCV  
  175  12:17  Marauder, Marine x2  
  175  12:20  Siege Tank  
  182  12:24  Marauder  
  182  12:25  SCV  
  182  12:28  Marine x2  
  182  12:29  Marauder  
  189  12:30  Viking  
  191  12:38  Marauder  
  191  12:40  Viking, SCV x2  
  193  12:46  SCV  
  193  12:47  Marine  
  193  12:48  Marine  
  193  12:49  Missile Turret  
  196  12:52  SCV  
  196  12:53  SCV  
  196  12:59  SCV  
  196  13:02  Siege Tank  
  196  13:03  Viking  
  196  13:04  SCV  
  200  13:11  SCV  
  200  13:12  Marauder, Marine x2  
  184  13:13  Marauder  
  184  13:19  Marine x2  
  149  13:20  Marauder  
  118  13:29  Marine  
  118  13:30  Marine  
  118  13:33  Marauder  
  118  13:34  Marauder  
  118  13:37  Marine  
  118  13:39  Marine  
  124  13:41  Marauder  
  127  13:49  Marine x2  
Tags
 
Add a new tag
Caveats
  • Supply blocks, unpowered buildings, or Contaminate may cause inaccurate times.
  • Supply counts are checked every 10 seconds.